 Dungeon Crawl Stone Soup version 0.30-a0-830-gfe289a77b0 (webtiles) character file.

Game seed: 10306584853315217785

6274 retardedninja the Blocker (level 10, 0/84 HPs)
             Began as a Gnoll Fighter on Feb 28, 2023.
             Was an Initiate of Gozag.
             Slain by a manticore (12 damage)
             ... on level 7 of the Dungeon.
             The game lasted 00:10:22 (9293 turns).

retardedninja the Blocker (Gnoll Fighter)           Turns: 9293, Time: 00:10:23

Health: 0/84       AC: 15    Str: 20    XL:     10   Next: 94%
Magic:  20/20      EV: 10    Int:  7    God:    Gozag
Gold:   929        SH:  0    Dex: 12    Spells: 23/23 levels left

rFire   . . .      SeeInvis .    a - +2 flail
rCold   . . .      Faith    .    c - +0 buckler
rNeg    . . .      Spirit   .    p - +0 chain mail
rPois   .          Reflect  .    A - +0 helmet
rElec   .          Harm     .    f - +0 cloak
rCorr   .          Rampage  .    n - +0 pair of gloves
Will    .....                    (no boots) Stlth
                                 (no amulet)
HPRegen 0.34/turn                (no ring)
MPRegen 0.17/turn                (no ring)

@: confused, ambrosia-drunk
A: fangs 1, strong nose, distributed training
a: Renounce Religion, Potion Petition, Call Merchant, Bribe Branch


You were on level 7 of the Dungeon.
You worshipped Gozag.
Gozag was pleased with you.
You visited 2 branches of the dungeon, and saw 8 of its levels.

You collected 1014 gold pieces.
You paid 85 gold pieces to Gozag.

Inventory:

Hand Weapons
 a - a +2 flail (weapon)
Armour
 c - a +0 buckler (worn)
 f - a +0 cloak (worn)
 n - a +0 pair of gloves (worn)
 p - a +0 chain mail (worn)
 A - a +0 helmet (worn)
Wands
 k - a wand of flame (9)
Scrolls
 m - a scroll of immolation
 o - a scroll of magic mapping
 s - 2 scrolls of fog
 u - a scroll of teleportation
 B - a scroll of amnesia
Potions
 b - a potion of flight {unknown}
 d - a potion of attraction {unknown}
 e - 3 potions of curing
 g - a potion of haste {unknown}
 h - a potion of lignification
 i - a potion of cancellation
 j - 2 potions of degeneration
 l - 3 potions of brilliance
 q - a potion of ambrosia
 r - 4 potions of magic {unknown}
 x - a potion of mutation {unknown}


   Skills:
 + Level 9.7 Fighting
 + Level 7.0 Short Blades
 + Level 7.0 Long Blades
 + Level 7.0 Axes
 + Level 8.5 Maces & Flails
 + Level 7.0 Polearms
 + Level 7.0 Staves
 + Level 7.0 Ranged Weapons
 + Level 7.0 Throwing
 + Level 9.7 Armour
 + Level 7.0 Dodging
 + Level 7.0 Stealth
 + Level 9.7 Shields
 + Level 7.0 Unarmed Combat
 + Level 7.0 Spellcasting
 + Level 5.8 Conjurations
 + Level 5.8 Hexes
 + Level 5.8 Summonings
 + Level 5.8 Necromancy
 + Level 5.8 Translocations
 + Level 5.8 Transmutations
 + Level 5.8 Fire Magic
 + Level 5.8 Ice Magic
 + Level 5.8 Air Magic
 + Level 5.8 Earth Magic
 + Level 5.8 Poison Magic
 + Level 7.7 Invocations
 + Level 7.0 Evocations


You had 23 spell levels left.
You didn't know any spells.
Your spell library contained the following spells:

 Spells                   Type           Power      Damage    Failure   Level
 Magic Dart               Conj           40%        1d5       19%         1
 Searing Ray              Conj           20%        2d5       28%         2
 Fulminant Prism          Conj/Hex       5%         3d6       88%         4


Dungeon Overview and Level Annotations

Branches:
Dungeon (7/15)             Temple (1/1) D:4

Altars:
Ashenzari
Dithmenos
Elyvilon
Fedhas
Gozag
Kikubaaqudgha
Makhleb
Nemelex Xobeh
Okawaru
Qazlal
Sif Muna
Uskayaw
Vehumet
Wu Jian
Xom
Yredelemnul
Zin
The Shining One

Shops:
D:3 *

Annotations:
D:3 2 transporters, GiantSquids's ghost, weakling DEHu
D:4 1 runed translucent door, bakla's ghost, novice OpFi
D:5 1 runed translucent door, retardedninja's ghost, novice GnFi
D:7 4 runed translucent doors


Innate Abilities, Weirdness & Mutations

You have very sharp teeth.
Your uncanny sense of smell can sniff out nearby items.
Your experience applies equally to all skills.


Message History

You are too injured to fight recklessly!
You are too injured to fight recklessly!
You are too injured to fight recklessly!
You are too injured to fight recklessly!
You sock the manticore!
The manticore is heavily wounded.
The manticore misses you.
The manticore claws you but does no damage.
The manticore claws you!
You hit the manticore.
The manticore is severely wounded.
The manticore bites you. The manticore closely misses you.
The manticore barely misses you.
You hit the manticore.
You bite the manticore, but do no damage.
The manticore is severely wounded.
The manticore bites you! The manticore claws you!
* * * LOW HITPOINT WARNING * * *
The manticore claws you.
* * * LOW HITPOINT WARNING * * *
You sock the manticore!
The manticore is almost dead.
You block the manticore's attack.
The manticore claws you but does no damage. x2
You closely miss the manticore.
The manticore is almost dead.
You block the manticore's attack.
The manticore claws you but does no damage. x2
You are confused.
You feel invigorated. The manticore bites you.
* * * LOW HITPOINT WARNING * * *
The manticore claws you but does no damage. x2
You bump into the metal wall.
The manticore bites you but does no damage.
The manticore claws you!
* * * LOW HITPOINT WARNING * * *
The manticore claws you but does no damage.
You bump into the metal wall.
The manticore bites you!
You die...
Your body crumbles into a pile of gold.

.##.#8....8# #}.#.##..####...####
.##.#}....[# ######..........# #
.##.#?....)# #...####...####
+#..#8....8# ∆ ##...# #.......
....##8)l8####### #...# #....###
.....##++##.'.#.## #...###....##.
...#........#..#.# #..........###
............#.####.#...#.........
..........#.##$.@H##.)...........
......#......######....##..#.##.#
......#..>.......................
..........#.#.......#..##...#####
....#.#...#.#.#................##
###.#.#...#.#.#.....#..##........
##'#+#...................####.##
#........#.#.......#..##.# #...
#........#.#.#...........# ####


You could see a manticore.

Vanquished Creatures
  2 two-headed ogres (D:6)
  Prince Ribbit (D:6)
  A wyvern (D:6)
  Eustachio (D:5)
  A steam dragon (D:7)
  A vampire mosquito (D:7)
  Menkaure (D:7)
  An acid dragon (D:7)
  A water moccasin (D:6)
  A sky beast (D:7)
  An orc warrior (D:7)
  4 ice beasts
  4 ogres
  2 lemures (D:7)
  A centaur (D:7)
  A phantom (D:5)
  2 bullfrogs (D:6)
  A kobold brigand (D:7)
  A gnoll sergeant (D:7)
  3 scorpions
  A wight (D:6)
  3 howler monkeys
  2 jellies
  3 hounds
  2 gnoll boudas
  An orc priest (D:6)
  6 iguanas
  2 orc wizards (D:6)
  Terence (D:3)
  19 gnolls
  11 adders
  2 shadow imps (D:6)
  2 white imps (D:6)
  An ufetubus (D:5)
  4 worms
  3 dart slugs (D:1)
  28 orcs
  6 bats
  3 endoplasms
  4 giant cockroaches
  6 goblins
  6 hobgoblins
  6 jackals
  A quokka (D:2)
  11 ball pythons
  5 frilled lizards
  10 kobolds
  7 rats
187 creatures vanquished.

Notes
Turn   | Place    | Note
-------+----------+-------------------------------------------
     0 | D:1      | retardedninja the Gnoll Fighter began the quest for the
                  | Orb.
     0 | D:1      | Reached XP level 1. HP: 23/23 MP: 1/1
   126 | D:1      | Reached XP level 2. HP: 29/29 MP: 2/2
   344 | D:1      | Found a faded altar of an unknown god.
   349 | D:1      | Reached XP level 3. HP: 30/35 MP: 3/3
   503 | D:1      | Reached skill level 1 in Invocations
   835 | D:2      | Reached skill level 1 in Short Blades
   835 | D:2      | Reached skill level 1 in Long Blades
   835 | D:2      | Reached skill level 1 in Axes
   835 | D:2      | Reached skill level 1 in Polearms
   835 | D:2      | Reached skill level 1 in Staves
   835 | D:2      | Reached skill level 1 in Ranged Weapons
   835 | D:2      | Reached skill level 1 in Throwing
   835 | D:2      | Reached skill level 1 in Dodging
   835 | D:2      | Reached skill level 1 in Stealth
   835 | D:2      | Reached skill level 1 in Unarmed Combat
   835 | D:2      | Reached skill level 1 in Spellcasting
   835 | D:2      | Reached skill level 1 in Evocations
   920 | D:2      | Reached XP level 4. HP: 39/41 MP: 5/5
  1195 | D:2      | Noticed a scorpion
  1207 | D:2      | Killed a scorpion
  1208 | D:2      | Reached skill level 1 in Conjurations
  1208 | D:2      | Reached skill level 1 in Hexes
  1208 | D:2      | Reached skill level 1 in Summonings
  1208 | D:2      | Reached skill level 1 in Necromancy
  1208 | D:2      | Reached skill level 1 in Translocations
  1208 | D:2      | Reached skill level 1 in Transmutations
  1208 | D:2      | Reached skill level 1 in Fire Magic
  1208 | D:2      | Reached skill level 1 in Ice Magic
  1208 | D:2      | Reached skill level 1 in Air Magic
  1208 | D:2      | Reached skill level 1 in Earth Magic
  1208 | D:2      | Reached skill level 1 in Poison Magic
  1208 | D:2      | Reached XP level 5. HP: 40/47 MP: 5/7
  1708 | D:3      | Noticed Terence
  1719 | D:3      | Killed Terence
  1883 | D:3      | Found Optil's Assorted Antiques.
  2030 | D:3      | Noticed GiantSquids's ghost (weakling DEHu)
  2045 | D:3      | Found a transporter.
  2078 | D:3      | Reached XP level 6. HP: 53/53 MP: 8/8
  2162 | D:3      | Found a transporter.
  2323 | D:3      | Reached skill level 5 in Maces & Flails
  3066 | D:4      | Reached XP level 7. HP: 57/60 MP: 10/10
  3087 | D:4      | Found a blossoming altar of Fedhas.
  3443 | D:4      | Found an opulent altar of Gozag.
  3476 | D:4      | Became a worshipper of Gozag Ym Sagoz the Greedy
  3531 | D:4      | Found a runed translucent door.
  3531 | D:4      | Noticed bakla's ghost (novice OpFi)
  3591 | D:4      | Found a staircase to the Ecumenical Temple.
  3650 | D:4      | Found an iron altar of Okawaru.
  3653 | D:4      | Found a glowing silver altar of Zin.
  3655 | D:4      | Found a basalt altar of Yredelemnul.
  3784 | Temple   | Entered the Ecumenical Temple
  3867 | D:4      | Reached skill level 5 in Short Blades
  3867 | D:4      | Reached skill level 5 in Long Blades
  3867 | D:4      | Reached skill level 5 in Axes
  3867 | D:4      | Reached skill level 5 in Polearms
  3867 | D:4      | Reached skill level 5 in Staves
  3867 | D:4      | Reached skill level 5 in Ranged Weapons
  3867 | D:4      | Reached skill level 5 in Throwing
  3867 | D:4      | Reached skill level 5 in Dodging
  3867 | D:4      | Reached skill level 5 in Stealth
  3867 | D:4      | Reached skill level 5 in Unarmed Combat
  3867 | D:4      | Reached skill level 5 in Spellcasting
  3867 | D:4      | Reached skill level 5 in Invocations
  3867 | D:4      | Reached skill level 5 in Evocations
  3867 | D:4      | Reached XP level 8. HP: 69/69 MP: 10/16
  3868 | D:4      | Reached skill level 5 in Conjurations
  3868 | D:4      | Reached skill level 5 in Hexes
  3868 | D:4      | Reached skill level 5 in Summonings
  3868 | D:4      | Reached skill level 5 in Necromancy
  3868 | D:4      | Reached skill level 5 in Translocations
  3868 | D:4      | Reached skill level 5 in Transmutations
  3868 | D:4      | Reached skill level 5 in Fire Magic
  3868 | D:4      | Reached skill level 5 in Ice Magic
  3868 | D:4      | Reached skill level 5 in Air Magic
  3868 | D:4      | Reached skill level 5 in Earth Magic
  3868 | D:4      | Reached skill level 5 in Poison Magic
  3868 | D:4      | Reached XP level 9. HP: 76/76 MP: 10/18
  3908 | D:5      | Entered Level 5 of the Dungeon
  3941 | D:5      | Found a runed translucent door.
  4489 | D:5      | Noticed Eustachio
  4513 | D:5      | Killed Eustachio
  5058 | D:5      | Noticed retardedninja's ghost (novice GnFi)
  5710 | D:6      | Noticed Prince Ribbit
  5745 | D:6      | Killed Prince Ribbit
  5746 | D:6      | Reached XP level 10. HP: 71/83 MP: 19/19
  7021 | D:7      | Noticed a two-headed ogre
  7064 | D:6      | Killed a two-headed ogre
  7883 | D:7      | Noticed a two-headed ogre
  7922 | D:6      | Killed a two-headed ogre
  8645 | D:7      | Found a large runed translucent door.
  8645 | D:7      | Found a large runed translucent door.
  8714 | D:7      | Found a large runed translucent door.
  8714 | D:7      | Found a large runed translucent door.
  8717 | D:7      | Noticed a gargoyle
  8801 | D:7      | Noticed Menkaure
  8819 | D:7      | Killed Menkaure
  9277 | D:7      | Noticed a manticore
  9293 | D:7      | Slain by a manticore

Illustrated notes

Levels and vault maps discovered:
D:1:      dpeg_arrival_oval, layout_rooms, shapermc_ecumenical_altar_gd
D:2:      kennysheep_six_static_rooms, layout_basic, grunt_decor_junction,
          wander_ebering_terrifying_dragon_lair
D:3:      layout_basic, serial_shops, nicolae_shop_trees,
          gammafunk_ghost_stat_death, uniq_terence
D:4:      layout_rooms, mainiacjoe_overflow_tiny_flanked,
          mainiacjoe_overflow_brackets, nicolae_overflow_hidden_temple,
          minmay_temple_entry_statues_fountains, gammafunk_ghost_grave
D:5:      layout_loops_ring, ebering_ghost_reflecting_pool, uniq_eustachio
D:6:      layout_loops_ring, chequers_jeans, minmay_misc_feat_diagonals,
          uniq_prince_ribbit1
D:7:      cheibrodos_fzero, layout_basic, nicolae_overflow_crystal_walls,
          minmay_hollow_rounded_squares, uniq_pikel, uniq_menkaure
Temple:   nicolae_temple_ecumenical_triangle

Skill      XL: |  1  2  3  4  5  6  7  8  9 10 |
---------------+-------------------------------+-----
Invocations    | 1 2 5 7 |  7.7
Short Blades   | 1 2 5 6 7 |  7.0
Long Blades    | 1 2 5 6 7 |  7.0
Axes           | 1 2 5 6 7 |  7.0
Polearms       | 1 2 5 6 7 |  7.0
Staves         | 1 2 5 6 7 |  7.0
Ranged Weapons | 1 2 5 6 7 |  7.0
Throwing       | 1 2 5 6 7 |  7.0
Dodging        | 1 2 5 6 7 |  7.0
Stealth        | 1 2 5 6 7 |  7.0
Unarmed Combat | 1 2 5 6 7 |  7.0
Spellcasting   | 1 2 5 6 7 |  7.0
Evocations     | 1 2 5 6 7 |  7.0
Conjurations   | 1 4 5 |  5.8
Hexes          | 1 4 5 |  5.8
Summonings     | 1 4 5 |  5.8
Necromancy     | 1 4 5 |  5.8
Translocations | 1 4 5 |  5.8
Transmutations | 1 4 5 |  5.8
Fire Magic     | 1 4 5 |  5.8
Ice Magic      | 1 4 5 |  5.8
Air Magic      | 1 4 5 |  5.8
Earth Magic    | 1 4 5 |  5.8
Poison Magic   | 1 4 5 |  5.8
Maces & Flails | 5 7 8 |  8.5
Fighting       | 7 8 9 |  9.7
Armour         | 7 8 9 |  9.7
Shields        | 7 8 9 |  9.7

Action                     |  1- 3 |  4- 6 |  7- 9 | 10-12 || total
---------------------------+-------+-------+-------+-------++-------
  Melee: Flail             |   121 |   211 |   225 |   208 ||   765
         Bite              |     9 |    13 |    23 |    27 ||    72
    Use: Scroll            |       |     8 |    10 |     4 ||    22
         Potion            |       |       |     2 |     8 ||    10
   Stab: Sleeping          |       |       |     1 |       ||     1
 Armour: Scale mail        |    70 |   100 |    55 |       ||   225
         Chain mail        |       |       |    30 |   114 ||   144
  Dodge: Dodged            |    77 |   104 |   116 |   109 ||   406
  Block: Buckler           |    56 |    70 |    68 |    89 ||   283

Table legend: (Time is in decaauts)
 A = Elapsed time spent in this place.
 B = Non-inter-level travel time spent in this place.
 C = Inter-level travel time spent in this place.
 D = Time resting spent in this place.
 E = Time spent auto-exploring this place.
 F = Levels seen in this place.
 G = Mean time per level.
                   A        B        C        D        E       F      G
               +--------+--------+--------+--------+--------+-----+--------+
         Total |   9406 |   9031 |    375 |   3118 |   4178 |   8 | 1175.8 |
       Dungeon |   9360 |   8994 |    366 |   3118 |   4148 |   7 | 1337.1 |
        Temple |     46 |     37 |      9 |      0 |     30 |   1 |   46.0 |
               +--------+--------+--------+--------+--------+-----+--------+

Top non-repeatable levels by time:
     D:6: 2716 daAuts
     D:4: 1443 daAuts
     D:7: 1440 daAuts
     D:5: 1191 daAuts
     D:2: 1025 daAuts
     D:3: 894 daAuts
     D:1: 647 daAuts
  Temple: 46 daAuts
